 Dungeon Crawl Stone Soup version 0.32-a0-913-g739538afd8 (webtiles) character file.

Game seed: 16214804066356122505

302 Mgcat the Chopper (level 6, 0/49 HPs)
             Began as a Coglin Berserker on Apr 9, 2024.
             Was a Follower of Trog.
             Incinerated by a bombardier beetle (5 damage)
             ... with a burning spray
             ... on level 3 of the Dungeon.
             The game lasted 00:02:40 (2049 turns).

Mgcat the Chopper (Coglin Berserker)                Turns: 2049, Time: 00:02:41

Health: 0/49       AC:  7    Str: 19    XL:     6   Next: 37%
Magic:  6/6        EV:  9    Int:  6    God:    Trog [*.....]
Gold:   72         SH:  0    Dex: 14    Spells: 5/5 levels left

rFire   . . .        a - +0 hand axe {Carlos}
rCold   . . .        h - +1 mace (protect) {Malki}
rNeg    . . .        k - +0 scale mail
rPois   .            j - +0 helmet
rElec   .            (no cloak)
rCorr   .            (no gloves)
SInv    .            (no boots)
Will    .....        (amulet unavailable) Stlth
                     (ring unavailable)
HPRegen 0.28/turn    (ring unavailable)
MPRegen 0.10/turn    (no gizmo)

%: no passive effects
@: on fire, glowing
A: off-hand wielding, slow wielding, warmup strikes, no jewellery
a: Invent Gizmo, Renounce Religion, Berserk


You were on level 3 of the Dungeon.
You worshipped Trog.
Trog was aware of your devotion.
You visited 1 branch of the dungeon, and saw 3 of its levels.

You collected 72 gold pieces.

Inventory:

Hand Weapons
 a - a +0 hand axe (weapon) {Carlos}
 h - a +1 mace of protection (offhand) {Malki}
   (You found it on level 1 of the Dungeon)
Armour
 b - a +0 animal skin
 j - a +0 helmet (worn)
   (You found it on level 2 of the Dungeon)
 k - a +0 scale mail (worn)
   (You took it off a kobold on level 2 of the Dungeon)
Scrolls
 c - 2 scrolls of fear {unknown}
 e - a scroll of enchant armour {unknown}
 f - 2 scrolls of identify {unknown}
 i - a scroll of poison {unknown}
 l - a scroll of amnesia {unknown}
 m - a scroll of immolation {unknown}
Potions
 d - 2 potions of curing {unknown}
 g - a potion of heal wounds {unknown}
 n - a potion of lignification {unknown}
 o - a potion of attraction {unknown}


   Skills:
 + Level 4.6 Fighting
 * Level 5.9 Axes
 - Level 1.7 Armour
 - Level 1.7 Dodging


You had 5 spell levels left.
You didn't know any spells.
Your spell library was empty.

Dungeon Overview and Level Annotations

Branches:
Dungeon (3/15)

Altars:


Innate Abilities, Weirdness & Mutations

You can wield a second weapon in your off-hand.
It takes a long time for you to wield or remove held weapons.
Your first few attacks do less damage.
You cannot equip rings or amulets.


Message History

The kobold barely misses you. The kobold hits you but does no damage.
You sock the kobold with your +1 mace of protection!
You kill the kobold!
Trog accepts your kill.
You see here a +0 short sword.
There is an open door here.
You start resting.
HP restored.
You regained 5 hp, and now have 41/49 hp.
You start resting.
HP restored.
Health restored: 49
There is an open door here.
You see here a +0 short sword.
Things that are here:
a +0 flail; an orc corpse
There is an open door here.
You open the door.
A rat comes into view.
The rat squeaks loudly.
A rat is nearby!
There is an open door here.
The rat completely misses you.
You completely miss the rat with your +1 mace of protection.
You hit the rat but do no damage. The rat bites you but does no damage.
You closely miss the rat with your +0 hand axe.
You closely miss the rat with your +1 mace of protection.
The rat bites you but does no damage.
You hit the rat but do no damage.
You hit the rat with your +1 mace of protection.
Your weapon exudes an aura of protection.
You kill the rat!
Trog accepts your kill.
n - a fizzy ruby potion
o - a brown potion
There is an open door here.
You see here a +0 club.
A rat comes into view.
A bombardier beetle comes into view.
Found 8 gold pieces.
Found a stone staircase leading up.
The rat closely misses you.
You hit the rat but do no damage.
You barely miss the rat with your +1 mace of protection.
The rat bites you but does no damage.
You hit the rat but do no damage.
You hit the rat with your +1 mace of protection.
Your weapon exudes an aura of protection.
You kill the rat!
Trog accepts your kill.
The bombardier beetle sprays incendiary fluid at you.
The burning spray hits you.
You are covered in liquid fire!
You hit the bombardier beetle with your +0 hand axe.
The bombardier beetle is moderately wounded.
You hit the bombardier beetle but do no damage.
Your weapon exudes an aura of protection.
The liquid fire burns you!
You take 2 damage, and have 47/49 hp.
You hit the bombardier beetle with your +1 mace of protection.
The bombardier beetle is severely wounded.
You hit the bombardier beetle with your +0 hand axe.
The liquid fire burns you! The bombardier beetle bites you.
You take 4 damage, and have 43/49 hp.
You hit the bombardier beetle with your +0 hand axe.
You kill the bombardier beetle!
Trog accepts your kill. The liquid fire burns you!
You take 5 damage, and have 38/49 hp.
No target in view!
No target in view!
You are on fire!
Unknown command.
Unknown command.
You are on fire!
You are on fire!
You are on fire!
You are on fire!
You are on fire!
The liquid fire burns you!
You take 5 damage, and have 33/49 hp.
The liquid fire burns you!
You take 5 damage, and have 28/49 hp.
The liquid fire burns you!
You take 3 damage, and have 25/49 hp.
The liquid fire burns you!
You take 4 damage, and have 21/49 hp.
The liquid fire burns you!
You take 5 damage, and have 16/49 hp.
The liquid fire burns you!
* * * LOW HITPOINT WARNING * * *
You take 3 damage, and have 13/49 hp.
The liquid fire burns you!
* * * LOW HITPOINT WARNING * * *
You take 6 damage, and have 7/49 hp.
The liquid fire burns you!
* * * LOW HITPOINT WARNING * * *
You take 2 damage, and have 5/49 hp.
The liquid fire burns you!
You die...

######### ####.......# #
..#.#####.# ###.###
#.#.#####.#
...<...####.#.....).####
#....#...##.............
..............#####.....
##†@...####...###...
.........†.###.....##...
######.....##......)#...
#.....##......)'...
#.....##:.....)#...
#.....###.....##...
#.....# ##...###...
#..$..# ##### #... #...


There were no monsters in sight!

Vanquished Creatures
  2 orc priests (D:3)
  A bombardier beetle (D:3)
  Natasha (thrice) (D:2)
  An orc wizard (D:3)
  3 adders
  4 gnolls (D:2)
  A ribbon worm (D:2)
  A dart slug (D:2)
  3 orcs (D:3)
  3 endoplasms (D:2)
  2 giant cockroaches
  4 goblins
  3 hobgoblins
  3 jackals (D:2)
  2 quokkas
  2 ball pythons
  2 bats (D:2)
  4 kobolds
  6 rats
50 creatures vanquished.

Notes
Turn   | Place    | Note
-------+----------+-------------------------------------------
     0 | D:1      | Mgcat the Coglin Berserker began the quest for the Orb.
     0 | D:1      | Reached XP level 1. HP: 18/18 MP: 1/1
   497 | D:1      | Reached XP level 2. HP: 24/24 MP: 2/2
   864 | D:2      | Reached XP level 3. HP: 29/29 MP: 3/3
   867 | D:2      | Reached skill level 4 in Axes
   964 | D:2      | Reached XP level 4. HP: 33/37 MP: 4/4
   988 | D:2      | Noticed Natasha
   994 | D:2      | Killed Natasha
  1207 | D:2      | Noticed Natasha
  1211 | D:2      | Killed Natasha
  1212 | D:2      | Reached skill level 4 in Fighting
  1212 | D:2      | Reached XP level 5. HP: 42/42 MP: 5/5
  1406 | D:2      | Noticed Natasha
  1412 | D:2      | Killed Natasha
  1413 | D:2      | Reached skill level 5 in Axes
  1571 | D:2      | Found a faded altar of an unknown god.
  1805 | D:3      | Reached XP level 6. HP: 27/49 MP: 6/6
  2046 | D:3      | HP: 12/49 [burnt (4)]
  2048 | D:3      | HP: 5/49 [burnt (2)]
  2049 | D:3      | Incinerated by a bombardier beetle

Illustrated notes

Levels and vault maps discovered:
D:1:      shiori_shiawase, layout_basic, chequers_serial_rivers_room_a
D:2:      layout_loops_ring, chequers_ecumenical_altar_lobes,
          kennysheep_generic_room_12, uniq_natasha
D:3:      kennysheep_six_static_rooms, layout_basic

Skill      XL: |  1  2  3  4  5 |
---------------+----------------+-----
Axes           | 4 5 |  5.9
Fighting       | 4 |  4.6
Armour         | |  1.7
Dodging        | |  1.7

Action                     |  1- 3 |  4- 6 || total
---------------------------+-------+-------++-------
  Melee: Hand axe          |    23 |    50 ||    73
         Dagger            |     8 |       ||     8
         Mace              |    12 |    55 ||    67
 Invoke: Berserk           |     1 |     4 ||     5
   Stab: Sleeping          |     3 |       ||     3
 Armour: Animal skin       |    11 |     5 ||    16
         Scale mail        |       |    38 ||    38
  Dodge: Dodged            |     9 |    28 ||    37

Table legend: (Time is in decaauts)
 A = Elapsed time spent in this place.
 B = Non-inter-level travel time spent in this place.
 C = Inter-level travel time spent in this place.
 D = Time resting spent in this place.
 E = Time spent auto-exploring this place.
 F = Levels seen in this place.
 G = Mean time per level.
                   A        B        C        D        E       F      G
               +--------+--------+--------+--------+--------+-----+--------+
         Total |   2104 |   1993 |    111 |    191 |   1467 |   3 |  701.3 |
       Dungeon |   2104 |   1993 |    111 |    191 |   1467 |   3 |  701.3 |
               +--------+--------+--------+--------+--------+-----+--------+

Top non-repeatable levels by time:
     D:2: 1016 daAuts
     D:1: 743 daAuts
     D:3: 344 daAuts

Levels and vault maps discovered:
D:1:      shiori_shiawase, layout_basic, chequers_serial_rivers_room_a
D:2:      layout_loops_ring, chequers_ecumenical_altar_lobes,
          kennysheep_generic_room_12, uniq_natasha
D:3:      kennysheep_six_static_rooms, layout_basic

Table legend: (Time is in decaauts)
 A = Elapsed time spent in this place.
 B = Non-inter-level travel time spent in this place.
 C = Inter-level travel time spent in this place.
 D = Time resting spent in this place.
 E = Time spent auto-exploring this place.
 F = Levels seen in this place.
 G = Mean time per level.
                   A        B        C        D        E       F      G
               +--------+--------+--------+--------+--------+-----+--------+
         Total |   2104 |   1993 |    111 |    191 |   1467 |   3 |  701.3 |
       Dungeon |   2104 |   1993 |    111 |    191 |   1467 |   3 |  701.3 |
               +--------+--------+--------+--------+--------+-----+--------+

Top non-repeatable levels by time:
     D:2: 1016 daAuts
     D:1: 743 daAuts
     D:3: 344 daAuts

Table legend:
 A = Kills in this place as a percentage of kills in the entire game.
 B = Kills by you in this place as a percentage of kills by you in the entire game.
 C = Kills by friends in this place as a percentage of kills by friends in the entire game.
 D = Other kills in this place as a percentage of other kills in the entire game.
 E = Experience gained in this place as a percentage of experience gained in the entire game.
 F = Experience gained in this place divided by the number of levels of this place that you have seen.
                   A       B       C       D       E      F
               +-------+-------+-------+-------+-------+----------------------
         Total | 100.0 | 100.0 |   N/A |   N/A | 100.0 | 144.0
       Dungeon | 100.0 | 100.0 |   N/A |   N/A | 100.0 | 144.0
               +-------+-------+-------+-------+-------+----------------------
